 Dungeon Sprint DCSS version 0.30-a0-172-gc5509c9e31 (webtiles) character file.

Game seed: 8092351009870110605

4 mhtbhm the Digger (level 1, -6/10 HPs)
             Began as a Gargoyle Earth Elementalist on Oct 1, 2022.
             Killed by divine providence
             ... invoked by an orc priest
              (12 damage)
             ... in the Dungeon (Sprint IX: "|||||||||||||||||||||||||||||").
             The game lasted 00:00:21 (105 turns).

mhtbhm the Digger (Gargoyle Earth Elementalist)      Turns: 105, Time: 00:00:22

Health: -6/10      AC:  4    Str: 11    XL:     1   Next: 60%
Magic:  1/3        EV: 12    Int: 15    God:
Gold:   0          SH:  0    Dex: 10    Spells: 3/4 levels left

rFire   . . .      SeeInvis .    (no weapon)
rCold   . . .      Faith    .    (no shield)
rNeg    + . .      Spirit   .    a - +0 robe
rPois   ∞          Reflect  .    (no helmet)
rElec   +          Harm     .    (no cloak)
rCorr   .          Rampage  .    (no gloves)
Will    .....      NoTele   +    (no boots)
Stlth   ++........               (no amulet)
HPRegen 0.21/turn                (no ring)
MPRegen 0.08/turn                (no ring)

@: hasted, very quick
A: sickness immunity, AC +2, negative energy resistance 1, electricity
resistance, torment resistance 1, petrification resistance
a: no special abilities


You were in the Dungeon.
You visited 1 branch

Inventory:

Armour
 a - a +0 robe (worn)
Scrolls
 g - a scroll of blinking
Potions
 b - 2 potions of magic
 c - a potion of curing
 d - a potion of heal wounds
 f - a potion of berserk rage


   Skills:
 + Level 1.8 Dodging
 + Level 2.7 Stealth
 + Level 2.1 Spellcasting
 + Level 0.7 Transmutations
 + Level 4.7 Earth Magic


You had 3 spell levels left.
You knew the following spells:

 Your Spells              Type           Power      Damage    Failure   Level
a - Sandblast             Erth           30%        2d9       3%          1

Your spell library contained the following spells:

 Spells                   Type           Power      Damage    Failure   Level
 Passwall                 Tmut/Erth      7%         N/A       11%         2
 Stone Arrow              Conj/Erth      16%        3d8       26%         3
 Petrify                  Tmut/Erth      9%         N/A       56%         4


Dungeon Overview and Level Annotations

Branches:
Dungeon (1/1)

Altars:


Innate Abilities, Weirdness & Mutations

You are immune to sickness and miasma.
Your stone body is resilient. (AC +2)
You are immune to poison.
You resist negative energy. (rN+)
You are resistant to electric shocks. (rElec)
You are resistant to unholy torment.
You are immune to petrification.


Message History

Aiming: Sandblast (safe; 3% risk of failure)
Press: ? - help, Shift-Dir - straight line, f/p - hound
Aim: a hound (lightly wounded, 75% to hit)
The blast of sand hits the hound but does no damage.
The hound is lightly wounded.
The hound barely misses you. The hound misses you.
Unknown command.
Unknown command.
Casting: Sandblast (safe; 3% risk of failure)
Confirm with . or Enter, or press ? or * to list all spells.
Aiming: Sandblast (safe; 3% risk of failure)
Press: ? - help, Shift-Dir - straight line, f/p - hound
Aim: a hound (lightly wounded, 75% to hit)
The blast of sand misses the hound.
The blast of sand hits the hound!
The hound is heavily wounded.
The hound misses you.
The hound pauses to sniff the ground.
Unknown command.
Magic courses through your body. The hound misses you.
Casting: Sandblast (safe; 3% risk of failure)
Confirm with . or Enter, or press ? or * to list all spells.
Aiming: Sandblast (safe; 3% risk of failure)
Press: ? - help, Shift-Dir - straight line, f/p - hound
Aim: a hound (lightly wounded, 75% to hit)
The blast of sand hits the hound.
The hound is heavily wounded.
The hound completely misses you. The hound closely misses you.
Unknown command.
Unknown command.
Casting: Sandblast (safe; 3% risk of failure)
Confirm with . or Enter, or press ? or * to list all spells.
Aiming: Sandblast (safe; 3% risk of failure)
Press: ? - help, Shift-Dir - straight line, f/p - hound
Aim: a hound (heavily wounded, 75% to hit)
The blast of sand hits the hound!
You kill the hound!
The orc priest mumbles some strange prayers to Beogh against you.
Beogh smites you!
Ouch! That really hurt!
You die... ▓▓▓▓▓▓▓▓▓▓▓▓▓▓▓▓▓▓ +.o...oYh.h@†...<▓ ▓▓▓▓▓▓▓▓▓▓▓▓▓▓▓▓▓▓

You could see an ice beast, 2 hounds and an orc priest.

Vanquished Creatures
  A hound (D)
  An endoplasm (D)
  A ball python (D)
  A bat (D)
  2 rats (D)
6 creatures vanquished.

Notes
Turn   | Place    | Note
-------+----------+-------------------------------------------
     0 | D        | mhtbhm the Gargoyle Earth Elementalist began the quest for
                  | the Orb.
     0 | D        | Reached XP level 1. HP: 10/10 MP: 3/3
     7 | D        | Reached skill level 4 in Earth Magic
    94 | D        | Noticed an orc priest
    94 | D        | Noticed an ice beast
    94 | D        | Noticed a hound
    94 | D        | Noticed a hound
    94 | D        | Noticed a hound
   105 | D        | Killed a hound
   105 | D        | Killed from afar by an orc priest

Illustrated notes

Levels and vault maps discovered:
D:        linesprint [early_d, line_temple, items_1, d_10, items_2, lair_1,
          lair_end, items_3, orc_1, orc_end, items_4, d_15, swamp_1, shoals_1,
          snake_1, spider_1, d_20, vaults_1, items_5, swamp_end, shoals_end,
          snake_end, spider_end, vaults_end, d_27, items_6, zot_1, zot_end,
          crypt_end, forest_end, elf_end, slime_end, tomb_end, abyss_end,
          pan_hell_end]

Skill      XL: |  1 |
---------------+----+-----
Earth Magic    | 4 |  4.7
Dodging        | |  1.8
Stealth        | |  2.7
Spellcasting   | |  2.1
Transmutations | |  0.7

Action                   || total
-------------------------++-------
 Cast: Sandblast         ||    11
  Use: Potion            ||     2
Armor: Robe              ||     2
Dodge: Dodged            ||    10

Table legend: (Time is in decaauts)
 A = Elapsed time spent in this place.
 B = Non-inter-level travel time spent in this place.
 C = Inter-level travel time spent in this place.
 D = Time resting spent in this place.
 E = Time spent auto-exploring this place.
 F = Levels seen in this place.
 G = Mean time per level.
                   A        B        C        D        E       F      G
               +--------+--------+--------+--------+--------+-----+--------+
         Total |    106 |    106 |      0 |     72 |      3 |   1 |  106.0 |
       Dungeon |    106 |    106 |      0 |     72 |      3 |   1 |  106.0 |
               +--------+--------+--------+--------+--------+-----+--------+

Top non-repeatable levels by time:
       D: 106 daAuts
